 Dungeon Crawl Stone Soup version 0.31-a0-1610-g9787180 (webtiles) character file.

Game seed: 7529060743968951650

3877 PidgeyThePirate the Cleaver (level 10, -6/118 HPs)
             Began as a Formicid Chaos Knight on Jan 8, 2024.
             Was a Plaything of Xom.
             Mangled by a cyan ugly thing (9 damage)
             ... on level 8 of the Dungeon.
             The game lasted 00:17:39 (7381 turns).

PidgeyThePirate the Cleaver (Formicid Chaos Knight) Turns: 7381, Time: 00:17:39

Health: -6/118     AC: 25    Str: 18 (23) XL:     10   Next: 42%
Magic:  10/10      EV:  2    Int: 12 (14) God:    Xom [....*.]
Gold:   282        SH:  0    Dex: 15 (17) Spells: 9/9 levels left

rFire   . . .        a - +0 hand axe (chaos)
rCold   . . .        (no shield)
rNeg    . . .        C - melded +4 plate armour
rPois   +            (helmet unavailable)
rElec   .            s - melded +0 cloak
rCorr   .            A - melded +0 pair of gloves
SInv    .            (boots currently unavailable)
Will    +....        (no amulet)
Stlth   +++          w - +4 ring of slaying
HPRegen 0.39/turn    D - +6 ring of strength
MPRegen 0.12/turn

%: no passive effects
@: mighty, tree-form, attractive
A: stationary, stasis, torment immunity, boosted hp, permanent stasis, dig
shafts and tunnels, (antennae 3), four strong arms, agile 1, deterioration 1,
mutation resistance 1, inability to read after injury 1, MP-powered wands, noise
suppression
a: Renounce Religion


You were on level 8 of the Dungeon.
You worshipped Xom.
You were a beloved toy of Xom.
You were a tree.
You visited 1 branch of the dungeon, and saw 8 of its levels.

You collected 457 gold pieces.
You spent 175 gold pieces at shops.

Inventory:

Hand Weapons
 a - a +0 hand axe of chaos (weapon)
 x - a +0 battleaxe
Missiles
 n - a throwing net
Armour
 b - a +2 leather armour
 s - a +0 cloak (melded)
 A - a +0 pair of gloves (melded)
 C - a +4 plate armour (melded)
Jewellery
 w - a +4 ring of slaying (left branch)
 z - an amulet of faith
 D - a +6 ring of strength (right branch)
Wands
 p - a wand of mindburst (14)
 u - a wand of paralysis (8)
 y - a wand of iceblast (4)
Scrolls
 c - a scroll of butterflies
 d - 3 scrolls of fog {unknown}
 e - 2 scrolls of enchant weapon {unknown}
 f - 2 scrolls of enchant armour {unknown}
 g - 2 scrolls of immolation {unknown}
 j - a scroll of vulnerability {unknown}
 k - 2 scrolls of revelation {unknown}
 l - 4 scrolls of identify {unknown}
 t - a scroll of amnesia {unknown}
 v - a scroll of silence
 E - a scroll of torment {unknown}
 F - a scroll of poison {unknown}
Potions
 m - a potion of resistance {unknown}
 q - a potion of attraction


   Skills:
 + Level 7.1 Fighting
 + Level 10.1 Axes
 + Level 6.3 Armour
 + Level 5.2 Dodging
 + Level 5.5 Stealth


You had 9 spell levels left.
You didn't know any spells.
Your spell library contained the following spells:

 Spells                   Type           Power      Damage    Failure   Level
 Foxfire                  Conj/Fire      0%         2x1d4     32%         1
 Inner Flame              Hex/Fire       0%         N/A       69%         3
 Tukima's Dance           Hex            0%         N/A       69%         3
 Dimensional Bullseye     Hex/Tloc       0%         N/A       97%         4
 Flame Wave               Conj/Fire      0%         2d4       97%         4
 Fulminant Prism          Conj/Alch      0%         3d5       97%         4
 Iskenderun's Mystic Bla  Conj/Tloc      0%         2d3       97%         4
 Petrify                  Alch/Erth      0%         N/A       97%         4
 Sticky Flame             Fire/Alch      0%         2d4       97%         4


Dungeon Overview and Level Annotations

Branches:
Dungeon (8/15)             Temple (0/1) D:6
   Lair: D:8-11

Altars:
Ashenzari
Trog
Xom
Yredelemnul

Shops:
D:2 *   D:5 (*?(


Innate Abilities, Weirdness & Mutations

You are a tree.
Your roots penetrate the ground, keeping you stationary.
You cannot be teleported.
You are immune to unholy pain and torment.
Your maximum health is greatly increased.
Your equipment is partially melded.
You cannot be hasted, slowed, berserked, paralysed or teleported.
You can dig through walls and to a lower floor.
((You have a pair of large antennae on your head. (SInv)))
Your four strong arms can wield two-handed weapons with a shield.
You are agile. (Dex +4, Str/Int -1)
Your body sometimes deteriorates upon taking damage.
You are somewhat resistant to further mutation.
You occasionally lose the ability to read scrolls when taking damage.
You expend magic power (3 MP) to strengthen your wands.
You passively dampen the noise of your surroundings.


Message History

* * * LOW HITPOINT WARNING * * *
Your body deteriorates!
You feel weakened.
You feel better. The cyan ugly thing headbutts you.
* * * LOW HITPOINT WARNING * * *
The cyan ugly thing shocks you!
* * * LOW HITPOINT WARNING * * *
You feel better.
The cyan ugly thing headbutts you but does no damage.
It was a potion of attraction.
You feel attractive to monsters. The cyan ugly thing barely misses you.
It was a potion of lignification.
You turn into a tree.
Your +0 cloak melds into your body.
Your +0 pair of gloves melds into your body.
Your +4 plate armour melds into your body.
Your roots penetrate the ground.
The cyan ugly thing headbutts you but does no damage.
You feel better. "Serve the mortal, my children!"
The cyan ugly thing headbutts you but does no damage.
You slash the cyan ugly thing!
The cyan ugly thing is heavily wounded.
You hit the cyan ugly thing.
Nothing appears to happen.
The cyan ugly thing is heavily wounded.
The cyan ugly thing headbutts you.
* * * LOW HITPOINT WARNING * * *
The cyan ugly thing shocks you!
* * * LOW HITPOINT WARNING * * *
You feel better. The cyan ugly thing headbutts you!
* * * LOW HITPOINT WARNING * * *
The cyan ugly thing shocks you!
* * * LOW HITPOINT WARNING * * *
You hit the cyan ugly thing.
The cyan ugly thing is heavily wounded.
The cyan ugly thing headbutts you but does no damage.
You slash the cyan ugly thing!
The cyan ugly thing seems to speed up.
The cyan ugly thing is severely wounded.
The cyan ugly thing headbutts you!
You die...
Xom chuckles heartily!

#.........##.#.#.#.##.........
#.........#.#.....#.#.........
#.........'..#.#.#.†'.........
#.........#.#.....#.#.........
#....)))..##.#.#.#.##.........
###..##)##.#...#.#...#.........
......)....##.#555#.##.....)...
.#####'#########5#########'###
##...## #♣# ..# ##.....## #u#
.# .##...#...## #{c#c.#
.#...###...# #.# ..# .'..##
##..+... .... .#...###...###,
#.### .##...#...## ,.#
.###.....## #. .# ##...## #


You could see a cyan ugly thing (fast, resistant, ally target), 2 centaur
warriors, a friendly iron imp (summoned), a friendly white imp (summoned), a
friendly shadow imp (summoned) and a friendly ufetubus (summoned).

Vanquished Creatures
  An unseen horror (D:8)
  A steam dragon (D:7)
  An acid dragon (D:8)
  3 water moccasins
  3 ice beasts
  A sky beast (D:6)
  2 orc warriors
  2 black bears
  A phantom (D:5)
  An ogre (D:4)
  A centaur (D:7)
  A kobold brigand (D:6)
  2 bullfrogs
  2 gnoll sergeants (D:7)
  4 scorpions
  A howler monkey (D:7)
  A bombardier beetle (D:5)
  3 quasits (D:4)
  6 hounds
  4 orc priests
  Crazy Yiuf (D:4)
  3 jellies
  2 sleepcaps
  7 orc wizards
  3 iguanas
  2 howler monkey zombies (D:6)
  9 gnolls
  11 adders
  3 white imps
  4 ufetubi
  A dart slug (D:4)
  2 ribbon worms
  15 orcs
  12 bats
  6 endoplasms
  3 giant cockroaches
  8 goblins
  4 hobgoblins
  2 quokkas
  8 ball pythons
  A frilled lizard (D:1)
  10 kobolds
  3 rats
161 creatures vanquished.

Vanquished Creatures (collateral kills)
  A steam dragon (D:7)
  A bombardier beetle (D:3)
  A jelly (D:7)
  3 gnolls (D:7)
  An adder (D:2)
  6 orcs
  2 endoplasms (D:2)
  A goblin (D:2)
  A quokka (D:2)
  A rat (D:2)
18 creatures vanquished.

Vanquished Creatures (others)
  A bullfrog (D:7)
  2 orcs (D:6)
  A bat zombie (D:2)
4 creatures vanquished.

Grand Total: 183 creatures vanquished

Notes
Turn   | Place    | Note
-------+----------+-------------------------------------------
     0 | D:1      | PidgeyThePirate the Formicid Chaos Knight began the quest
                  | for the Orb.
     0 | D:1      | Reached XP level 1. HP: 18/18 MP: 1/1
   141 | D:1      | Reached XP level 2. HP: 24/24 MP: 2/2
   549 | D:1      | XOM: divination: detect creatures
   704 | D:2      | Reached XP level 3. HP: 30/30 MP: 3/3
   757 | D:2      | Reached skill level 1 in Dodging
   874 | D:2      | Found Zuro's General Store.
   878 | D:2      | Bought a potion of mutation for 80 gold pieces
   878 | D:2      | Gained mutation: You occasionally lose the ability to read
                  | scrolls when taking damage. [potion of mutation]
   878 | D:2      | Gained mutation: You are robust. (+10% HP) [potion of
                  | mutation]
   878 | D:2      | Gained mutation: You expend magic power (3 MP) to
                  | strengthen your wands. [potion of mutation]
   878 | D:2      | Gained mutation: You passively dampen the noise of your
                  | surroundings. [potion of mutation]
   986 | D:2      | XOM: god gift: 24 gold pieces
  1290 | D:2      | Reached XP level 4. HP: 29/40 MP: 4/4
  1514 | D:3      | XOM: stealth player
  1561 | D:3      | Reached skill level 4 in Axes
  1669 | D:3      | Reached skill level 1 in Stealth
  1669 | D:3      | Reached XP level 5. HP: 44/46 MP: 5/5
  1952 | D:3      | XOM: cast spell 'Summon Mana Viper'
  2262 | D:3      | XOM: divination: detect creatures
  2486 | D:3      | Reached XP level 6. HP: 52/52 MP: 6/6
  2487 | D:3      | XOM: summons 6 friendly demons
  2596 | D:4      | Found a runed translucent door.
  2597 | D:4      | Noticed Crazy Yiuf
  2610 | D:4      | XOM: noise
  2614 | D:4      | Killed Crazy Yiuf
  2615 | D:4      | Reached skill level 5 in Axes
  2760 | D:4      | Found a broken altar of Ashenzari.
  2828 | D:4      | Noticed an ogre
  2831 | D:4      | XOM: butterfly on damage
  2835 | D:4      | Killed an ogre
  2836 | D:4      | Reached XP level 7. HP: 37/60 MP: 7/7
  2941 | D:4      | XOM: cloud trail
  3101 | D:4      | XOM: silly message
  3478 | D:4      | XOM: fog
  3485 | D:4      | XOM: potion effect (might)
  3503 | D:4      | XOM: potion effect (curing)
  3551 | D:4      | XOM: silly message
  3575 | D:4      | XOM: god gift: 5 stones
  3613 | D:5      | Entered Level 5 of the Dungeon
  3616 | D:5      | Found Hiryrhesa's Assorted Antiques.
  3618 | D:5      | XOM: confuse monster(s)
  3624 | D:5      | XOM: divination: detect creatures
  3636 | D:5      | Reached skill level 6 in Axes
  3876 | D:5      | XOM: divination: detect items
  3878 | D:5      | XOM: cast spell 'Iskenderun's Battlesphere'
  3883 | D:5      | Reached XP level 8. HP: 67/67 MP: 8/8
  3902 | D:5      | Reached skill level 5 in Fighting
  4177 | D:5      | Found Atiujaaz's Antique Weapon Boutique.
  4230 | D:5      | XOM: noise
  4308 | D:5      | XOM: god gift: gold wand {god gift}
  4455 | D:5      | Found Sufa's Weapon Emporium.
  4512 | D:5      | Found Tirghank's Magic Scroll Shoppe.
  4517 | D:5      | Bought a scroll of silence for 95 gold pieces
  4720 | D:6      | XOM: god gift: battleaxe {god gift}
  5086 | D:6      | Reached skill level 7 in Axes
  5158 | D:6      | Found a basalt altar of Yredelemnul.
  5216 | D:6      | Reached XP level 9. HP: 70/75 MP: 9/9
  5364 | D:6      | XOM: potion effect (might)
  5542 | D:6      | Got the Volume of Destructive Substances
  5585 | D:6      | XOM: god gift: glowing plate armour {god gift}
  5598 | D:6      | Found a staircase to the Ecumenical Temple.
  5601 | D:6      | XOM: give mutations
  5601 | D:6      | Gained mutation: You are somewhat resistant to further
                  | mutation. [Xom's grace]
  5601 | D:6      | Gained mutation: You are agile. (Dex +4, Str/Int -1) [Xom's
                  | grace]
  5683 | D:6      | XOM: cleaving
  5815 | D:7      | Reached skill level 8 in Axes
  5989 | D:7      | Found a bloodstained altar of Trog.
  5997 | D:7      | Reached skill level 5 in Dodging
  6033 | D:7      | Reached skill level 5 in Armour
  6261 | D:7      | XOM: scenery: summon butterflies
  6389 | D:7      | XOM: smoke on damage
  6533 | D:7      | Reached XP level 10. HP: 35/84 MP: 10/10
  6536 | D:7      | Reached skill level 9 in Axes
  6926 | D:7      | XOM: scenery: create altars
  6935 | D:7      | XOM: god gift: club {god gift}
  6949 | D:7      | XOM: scenery: create altars
  7135 | D:8      | Reached skill level 5 in Stealth
  7333 | D:8      | Noticed an unseen horror
  7348 | D:8      | Killed an unseen horror
  7349 | D:8      | Reached skill level 10 in Axes
  7352 | D:8      | XOM: give mutations
  7352 | D:8      | Gained mutation: Your body sometimes deteriorates upon
                  | taking damage. [Xom's mischief]
  7352 | D:8      | Lost mutation: You are robust. (+10% HP) [Xom's mischief]
  7357 | D:8      | Noticed a cyan ugly thing
  7358 | D:8      | Noticed a centaur warrior
  7358 | D:8      | Noticed a manticore
  7361 | D:8      | Identified the +2 shortbow of Malum In Se {speed, Int+3}
  7361 | D:8      | Noticed a centaur warrior
  7376 | D:8      | XOM: summons 4 friendly demons
  7379 | D:8      | HP: 2/118 [cyan ugly thing (13)]
  7381 | D:8      | Mangled by a cyan ugly thing

Illustrated notes

Levels and vault maps discovered:
D:1:      roderic_dead_forest, layout_basic, minivault_27, grunt_decor_junction
D:2:      layout_basic, serial_shops, nicolae_shop_behind_doors,
          lemuel_flame_loot_1
D:3:      layout_basic, kennysheep_nub
D:4:      cheibrodos_quashed, layout_basic, mainiacjoe_overflow_alcove_1,
          grunt_ministairs_2, minmay_misc_feat_room, roderic_batcave,
          saegor_snake_ambush, uniq_crazy_yiuf_cottage
D:5:      cheibrodos_helix_gallery, layout_basic, serial_shops,
          nicolae_shop_peninsula, kennysheep_little_box,
          nicolae_inconvenience_store, nicolae_shop_rolled_up,
          minmay_misc_feat_rows
D:6:      layout_loops_cross, lemuel_zombie_altar_yredelemnul,
          minmay_temple_entry_trees, serial_park_tiny_pond
D:7:      layout_rooms, trog_butcher_becter
D:8:      minmay_the_grid_plus [minmay_the_grid_slots,
          minmay_the_grid_outer_diamond, minmay_the_grid_spikes,
          minmay_the_grid_diamond_grid, minmay_the_grid_prize_trominoes],
          layout_gridville, minitemple, serial_ice, serial_ice_m, serial_ice_b,
          serial_ice_c, serial_ice_a

Skill      XL: |  1  2  3  4  5  6  7  8  9 10 |
---------------+-------------------------------+-----
Dodging        | 1 2 3 4 5 |  5.2
Fighting       | 4 5 6 7 |  7.1
Axes           | 4 5 6 7 8 10 | 10.1
Stealth        | 1 2 3 4 5 |  5.5
Armour         | 3 4 5 6 |  6.3

Action                     |  1- 3 |  4- 6 |  7- 9 | 10-12 || total
---------------------------+-------+-------+-------+-------++-------
  Melee: Hand axe          |    69 |    98 |   383 |    83 ||   633
         Punch             |     1 |       |     5 |       ||     6
Ability: Dig               |       |       |     1 |       ||     1
    Use: Potion            |     1 |       |     3 |    12 ||    16
   Stab: Confused          |       |     2 |     8 |     1 ||    11
         Sleeping          |       |       |     3 |       ||     3
         Paralysed         |       |       |     1 |       ||     1
         Distracted        |       |       |       |     1 ||     1
 Armour: Leather armour    |    54 |    59 |   298 |       ||   411
         Plate armour      |       |       |   134 |    89 ||   223
         Skin              |       |       |       |     6 ||     6
  Dodge: Dodged            |    45 |    53 |   387 |    40 ||   525

Table legend: (Time is in decaauts)
 A = Elapsed time spent in this place.
 B = Non-inter-level travel time spent in this place.
 C = Inter-level travel time spent in this place.
 D = Time resting spent in this place.
 E = Time spent auto-exploring this place.
 F = Levels seen in this place.
 G = Mean time per level.
                   A        B        C        D        E       F      G
               +--------+--------+--------+--------+--------+-----+--------+
         Total |   7387 |   7042 |    345 |      0 |   5156 |   8 |  923.4 |
       Dungeon |   7387 |   7042 |    345 |      0 |   5156 |   8 |  923.4 |
               +--------+--------+--------+--------+--------+-----+--------+

Top non-repeatable levels by time:
     D:7: 1160 daAuts
     D:4: 1112 daAuts
     D:6: 1101 daAuts
     D:5: 1066 daAuts
     D:3: 1013 daAuts
     D:2: 898 daAuts
     D:1: 625 daAuts
     D:8: 408 daAuts
